Map: Eternal Empire LE

Players

jpmarat

  • Race: Protoss Protoss
  • League: Platinum
  • Spawn Location: 7:00

CitizenSnips - Winner!

  • Race: Zerg Zerg
  • League: Diamond
  • Spawn Location: 1:00

VOD

Have the link to the VOD?

Description

Time

  • Played on: April 22, 2020, 11:51 p.m.
  • Length: 13:02
Show
View Real Time Build Order
Export as new Build Order

jpmarat Protoss 

Build Orders: 1 Gate Expand 

Get SALT Encoding   

  12  0:01  Probe  
  13  0:13  Probe  
  14  0:18  Pylon  
  14  0:25  Probe  
  15  0:37  Probe  
  16  0:44  Gateway  
  16  0:48  Assimilator  
  16  0:49  Probe  
  17  1:00  Pylon  
  17  1:04  Probe  
  17  1:16  Probe  
  18  1:19  Assimilator  
  18  1:36  Nexus  
  18  1:40  Probe  
  19  1:52  Cybernetics Core  
  19  1:54  Probe (Chrono Boost)  
  20  2:04  Pylon  
  20  2:07  Probe (Chrono Boost)  
  21  2:15  Probe (Chrono Boost)  
  22  2:19  Adept  
  22  2:21  Probe  
  22  2:25  Warp Gate (Chrono Boost)  
  25  2:35  Robotics Facility  
  25  2:37  Probe  
  26  2:48  Probe  
  27  2:54  Probe  
  30  3:00  Probe  
  30  3:02  Adept  
  31  3:08  Probe (Chrono Boost)  
  31  3:10  Gateway  
  32  3:15  Probe (Chrono Boost)  
  34  3:20  Probe (Chrono Boost)  
  34  3:25  Probe (Chrono Boost)  
  35  3:27  Probe (Chrono Boost)  
  35  3:30  Probe (Chrono Boost)  
  35  3:34  Adept (Chrono Boost)  
  35  3:40  Immortal  
  41  3:42  Probe  
  39  4:06  Adept  
  39  4:12  Adept  
  30  4:27  Adept  
  30  4:29  Adept  
  23  4:36  Probe x2  
  24  4:40  Immortal  
  28  4:48  Probe (Chrono Boost)  
  30  4:53  Probe (Chrono Boost)  
  30  4:58  Probe (Chrono Boost)  
  31  5:02  Probe (Chrono Boost)  
  31  5:03  Probe (Chrono Boost)  
  31  5:12  Adept, Probe  
  30  5:24  Adept  
  30  5:33  Immortal  
  34  5:43  Adept  
  34  5:46  Probe  
  34  5:47  Probe  
  38  5:57  Adept  
  40  6:07  Adept  
  42  6:17  Probe x2  
  44  6:18  Adept  
  44  6:25  Pylon  
  46  6:27  Pylon  
  46  6:43  Probe x2  
  48  6:47  Adept x2  
  46  6:55  Probe x2  
  48  7:02  Immortal  
  48  7:08  Adept  
  54  7:11  Adept  
  56  7:18  Probe x2 (Chrono Boost)  
  58  7:28  Adept  
  58  7:29  Probe (Chrono Boost)  
  62  7:30  Probe (Chrono Boost)  
  62  7:35  Gateway  
  62  7:41  Pylon  
  62  7:59  Probe x2  
  54  8:11  Probe x2  
  54  8:12  Adept x2  
  54  8:36  Immortal  
  54  8:41  Probe x2  
  56  8:43  Nexus  
  56  8:44  Pylon  
  56  8:46  Adept x3  
  62  8:49  Pylon  
  58  8:59  Gateway  
  58  9:08  Adept x2  
  58  9:09  Adept  
  64  9:17  Nexus  
  64  9:20  Probe  
  64  9:21  Probe  
  66  9:28  Observer  
  67  9:32  Adept x2  
  67  9:35  Adept  
  73  9:39  Probe x2  
  75  9:50  Twilight Council  
  75  9:52  Immortal (Chrono Boost)  
  75  9:59  Adept  
  83  10:07  Probe x2 (Chrono Boost)  
  83  10:19  Probe x2 (Chrono Boost)  
  83  10:20  Pylon  
  85  10:23  Pylon  
  85  10:24  Probe (Chrono Boost)  
  85  10:26  Probe (Chrono Boost)  
  86  10:28  Warp Prism  
  86  10:30  Probe  
  68  10:51  Adept x2  
  68  10:52  Adept x2  
  66  11:04  Immortal  
  66  11:07  Probe  
  71  11:13  Probe x2  
  71  11:14  Nexus  
  71  11:16  Pylon, Charge (Chrono Boost)  
  71  11:18  Adept x3  
  77  11:19  Zealot  
  81  11:32  Probe x3  
  84  11:36  Gateway  
  84  11:40  Gateway  
  84  11:44  Immortal  
  88  11:48  Robotics Facility  
  88  11:51  Zealot x3  
  94  11:59  Probe x3  
  97  12:12  Zealot x4  
  105  12:23  Probe, Observer  
  105  12:24  Probe x2  
  109  12:31  Probe  
  109  12:34  Assimilator  
  110  12:38  Assimilator  
  114  12:44  Gateway  
  114  12:46  Gateway  
  114  12:48  Gateway  
  114  12:50  Zealot x3  
  114  12:51  Zealot x3  
  112  12:52  Pylon  
  112  12:53  Templar Archives  
Show
View Real Time Build Order
Export as new Build Order

CitizenSnips Zerg - Winner!

Build Orders: Pool First, Lurkers 

Get SALT Encoding   

  12  0:00  Drone  
  13  0:13  Overlord  
  13  0:17  Drone  
  14  0:31  Drone  
  14  0:32  Drone  
  16  0:37  Drone  
  17  0:46  Drone  
  18  1:03  Spawning Pool  
  17  1:04  Extractor  
  17  1:07  Drone x2  
  18  1:19  Drone  
  19  1:31  Drone  
  20  1:43  Drone  
  21  1:49  Hatchery  
  20  2:04  Queen  
  20  2:08  Overlord  
  22  2:10  Metabolic Boost  
  22  2:39  Zergling x6  
  25  3:02  Zergling x2  
  25  3:03  Zergling x4  
  28  3:06  Queen  
  30  3:13  Zergling x8  
  33  3:32  Zergling x4  
  33  3:33  Overlord x2  
  35  3:38  Overlord  
  35  3:44  Overlord  
  33  4:15  Zergling x10  
  36  4:27  Drone x4  
  37  4:40  Drone x3  
  37  4:44  Extractor  
  37  4:50  Drone x2  
  38  5:05  Hatchery  
  34  5:21  Drone x6  
  36  5:22  Drone x3  
  42  5:34  Extractor  
  42  5:35  Lair  
  39  5:36  Spore Crawler  
  39  5:38  Spore Crawler  
  39  5:42  Roach Warren  
  36  5:45  Evolution Chamber  
  36  5:46  Extractor  
  34  5:50  Zergling x6  
  34  5:51  Zergling x4  
  39  5:57  Baneling Nest  
  38  6:10  Evolution Chamber  
  38  6:11  Zerg Missile Weapons Level 1  
  37  6:13  Drone x5  
  42  6:23  Queen  
  42  6:24  Drone  
  45  6:27  Drone x5  
  45  6:32  Drone x4  
  54  6:38  Zerg Ground Armor Level 1  
  51  6:55  Overseer x2  
  51  6:57  Drone  
  51  6:59  Drone  
  51  7:00  Drone  
  54  7:02  Pneumatized Carapace  
  54  7:07  Glial Reconstitution  
  55  7:08  Drone x2  
  55  7:09  Drone x2  
  55  7:13  Hydralisk Den  
  57  7:21  Zergling x6  
  57  7:22  Zergling x10  
  65  7:28  Baneling x4  
  65  7:29  Baneling x2  
  65  7:36  Zergling x6  
  65  7:37  Zergling x6  
  70  7:39  Overlord  
  71  7:46  Zergling x6  
  64  8:10  Zergling x2  
  64  8:11  Zergling x12  
  66  8:17  Zergling x12  
  66  8:18  Zergling x2  
  68  8:32  Zergling x2  
  68  8:33  Zergling x8  
  71  8:43  Drone  
  71  8:47  Spore Crawler  
  71  8:58  Zerg Missile Weapons Level 2, Zerg Ground Armor Level 2  
  71  9:01  Lurker Den  
  68  9:13  Centrifical Hooks  
  68  9:19  Spine Crawler  
  68  9:20  Spine Crawler  
  68  9:21  Spore Crawler  
  68  9:22  Drone x2  
  68  9:23  Drone x2, Queen  
  71  9:29  Hydralisk x3  
  71  9:30  Hydralisk x2  
  81  9:32  Overlord x3  
  81  9:33  Overlord x2  
  81  9:35  Spine Crawler  
  80  9:39  Spore Crawler  
  80  9:42  Spine Crawler  
  78  9:50  Drone  
  78  9:51  Drone x5  
  84  10:04  Drone  
  84  10:05  Drone  
  86  10:08  Lurker x4  
  86  10:09  Lurker  
  86  10:12  Drone x4  
  86  10:13  Drone  
  96  10:21  Drone x3  
  98  10:26  Hydralisk, Extractor x2  
  98  10:27  Hydralisk  
  101  10:30  Hydralisk  
  99  10:51  Hydralisk  
  99  10:52  Hydralisk x11  
  120  11:03  Drone  
  121  11:07  Muscular Augments  
  121  11:19  Overlord x5  
  121  11:23  Hatchery  
  120  11:37  Lurker  
  120  11:38  Lurker x3  
  124  11:41  Drone x2, Hydralisk x4  
  124  11:42  Hydralisk  
  124  11:43  Hydralisk x2  
  140  11:59  Nydus Network  
  139  12:13  Baneling  
  139  12:14  Baneling x11  
  139  12:15  Baneling  
  139  12:16  Zergling x6  
  139  12:17  Zergling x12  
  148  12:29  Zergling x8  
  152  12:30  Baneling x2  
Tags
 
Add a new tag
Caveats
  • Supply blocks, unpowered buildings, or Contaminate may cause inaccurate times.
  • Supply counts are checked every 10 seconds.